cohdb
Replays
Latest Replays
All Replays
Popular Replays
Top Player Replays
Match Explorer
How It Works
Community
CoH3 Stats
Reddit
Sign in to upload your games and track your stats! →
Sign in with Steam
Match 42424452
Unlisted
Match 42424452
Overview
Messages
Build Orders
End
Selects Air and Sea Battlegroup
Vickers Machine Gun Team
Construct Section Command Post
Construct Section Command Post
Dingo Light Scout Car
Infantry Section
Infantry Section
Selects Supply Surplus
Construct Platoon Command Post
Selects Commando Section Paradrop
Selects M1 Pack Howitzer Paradrop
M1 Pack Howitzer Paradrop
Construct Field Infirmary
Infantry Section
Commando Section Paradrop
Selects Supply Surplus
Selects UNKNOWN (223837)
6-pounder Anti-tank Gun Team
Infantry Training
Construct Company Command Post
Crusader II Medium Tank
mp5
Dawes
WarpTrav
Whitent
MILFshake
Annatar_BR
mayrc
blambarino
0
0
Comments
sign in to comment!
No comments posted yet!